 Dungeon Crawl Stone Soup version 0.29.1-1-gd02db6906a (webtiles) character file.

Game seed: 8175475234279679311

107 karrick the Covered (level 4, -2/43 HPs)
             Began as a Gargoyle Fighter on Sept 27, 2022.
             Frozen to death by an endoplasm (3 damage)
             ... on level 3 of the Dungeon.
             The game lasted 00:02:30 (2242 turns).

karrick the Covered (Gargoyle Fighter)              Turns: 2242, Time: 00:02:30

Health: -2/43      AC: 22    Str: 20    XL:     4   Next: 85%
Magic:  4/4        EV:  2    Int:  8    God:
Gold:   114        SH:  4    Dex: 11    Spells: 3/3 levels left

rFire   . . .      SeeInvis .   a - +0 flail
rCold   . . .      Faith    .   c - +0 buckler
rNeg    + . .      Spirit   .   (body armour currently unavailable) rPois āˆž Reflect .
                                (helmet currently unavailable)
rElec   .          Harm     .   (cloak currently unavailable)
rCorr   .          Rampage  .   (gloves currently unavailable)
Will    .....      NoTele   +   (boots currently unavailable)
Stlth   +.........              (no amulet)
HPRegen 0.14/turn               (no ring)
MPRegen 0.09/turn               (no ring)

@: tree-form
A: stationary, stasis, torment immunity, boosted hp, sickness immunity, AC +3,
negative energy resistance 1, (electricity resistance), torment resistance 1,
petrification resistance
a: no special abilities


You were on level 3 of the Dungeon.
You were a tree.
You visited 1 branch of the dungeon, and saw 3 of its levels.

You collected 114 gold pieces.

Inventory:

Hand Weapons
 a - a +0 flail (weapon)
Armour
 b - a +0 scale mail (melded)
 c - a +0 buckler (worn)
Jewellery
 k - a ring of fire
 m - a ring of willpower
Scrolls
 d - a scroll of amnesia {unknown}
 e - 5 scrolls of identify {unknown}
 f - 2 scrolls of teleportation {unknown}
 h - a scroll of enchant weapon {unknown}
 i - 2 scrolls of fear {unknown}
 l - a scroll of noise {unknown}
Potions
 n - a potion of flight
 q - a potion of attraction {unknown}


   Skills:
 + Level 3.9 Fighting
 + Level 3.4 Maces & Flails
 + Level 4.1 Armour
 + Level 3.7 Shields


You had 3 spell levels left.
You didn't know any spells.
Your spell library contained the following spells:

 Spells                   Type           Power      Damage    Failure   Level
 Static Discharge         Conj/Air       0%         3-3/arc   65%         2
 Lightning Bolt           Conj/Air       0%         1d11      100%        5
 Maxwell's Capacitive Co  Air            0%         āˆž       100%        8


Dungeon Overview and Level Annotations

Branches:
Dungeon (3/15)

Altars:

Annotations:
D:3 Ijyb


Innate Abilities, Weirdness & Mutations

You are a tree.
Your roots penetrate the ground, keeping you stationary.
You cannot be teleported.
You are immune to unholy pain and torment.
Your maximum health is greatly increased.
Your equipment is partially melded.
You are immune to sickness and miasma.
((Your stone body is resilient. (AC +3)))
You are immune to poison.
You resist negative energy. (rN+)
((You are resistant to electric shocks. (rElec)))
You are resistant to unholy torment.
You are immune to petrification.


Message History

The bat hits you but does no damage.
The goblin hits you but does no damage. x2
Ijyb hits you with a +0 dagger.
The endoplasm hits you but does no damage.
You hit Ijyb but do no damage.
Ijyb is moderately wounded.
The bat barely misses you. The goblin hits you but does no damage.
The goblin hits you with a +0 club. Ijyb hits you but does no damage.
The endoplasm freezes you.
You are frozen.
* * * LOW HITPOINT WARNING * * *
The goblin hits you but does no damage. The endoplasm freezes you.
You are frozen.
* * * LOW HITPOINT WARNING * * *
Ijyb hits you but does no damage. You block the bat's attack.
The goblin hits you but does no damage.
You closely miss the goblin. The goblin hits you but does no damage.
The goblin barely misses you. The endoplasm freezes you.
You are frozen.
* * * LOW HITPOINT WARNING * * *
Ijyb hits you but does no damage.
Unknown command.
You sock the goblin!
You kill the goblin!
You block the bat's attack. The endoplasm hits you.
* * * LOW HITPOINT WARNING * * *
The goblin hits you from afar with a +0 trident.
* * * LOW HITPOINT WARNING * * *
Ijyb hits you but does no damage.
You hit Ijyb but do no damage.
Ijyb is moderately wounded.
The bat hits you but does no damage.
The endoplasm hits you but does no damage.
The bat hits you but does no damage. Ijyb hits you but does no damage.
You block the goblin's attack. The goblin hits you but does no damage.
Ijyb hits you but does no damage. The endoplasm freezes you.
You are frozen.
You die...

#.## #... #.## ..#
#.## ..## #... ##
...#.#.# #### #.###
...#.#.#. #.##.b.#
.........
#....gā™£##........
###..J.)#.......
##..g#.###.#
........$.)..#
.........#...#
..........##..#
)...########.!## ##
.... ##.?## #. ..
########).# #.


You could see Ijyb, an endoplasm, a goblin and a bat.

Vanquished Creatures
  4 gnolls (D:2)
  An adder (D:2)
  A worm (D:3)
  2 dart slugs
  8 ball pythons
  A bat (D:2)
  3 endoplasms
  2 giant cockroaches
  9 goblins
  5 hobgoblins
  A quokka (D:1)
  3 frilled lizards
  4 kobolds (D:1)
  6 rats
50 creatures vanquished.

Notes
Turn   | Place    | Note
-------+----------+-------------------------------------------
     0 | D:1      | karrick the Gargoyle Fighter began the quest for the Orb.
     0 | D:1      | Reached XP level 1. HP: 14/14 MP: 1/1
    95 | D:1      | Reached XP level 2. HP: 17/19 MP: 2/2
   954 | D:2      | Reached XP level 3. HP: 15/24 MP: 3/3
  1168 | D:2      | Reached XP level 4. HP: 16/29 MP: 4/4
  1173 | D:2      | Reached skill level 4 in Armour
  2190 | D:3      | Noticed Ijyb
  2232 | D:3      | HP: 1/29 [goblin/+0 club (3)]
  2241 | D:3      | HP: 2/43 [endoplasm (1)]
  2242 | D:3      | Frozen to death by an endoplasm

Illustrated notes

Levels and vault maps discovered:
D:1:      wander_arrival_fairy_ring, layout_basic,
          chequers_serial_rivers_room_b, minmay_misc_feat_more_columns
D:2:      minmay_alternating_diamond, layout_basic, serial_aquarium,
          aquarium_bridge_square [aquarium_subvault_balcony,
          aquarium_subvault_bridge, aquarium_subvault_window,
          aquarium_subvault_wall], aquarium_window_1, aquarium_window_2,
          aquarium_window_fake, aquarium_window_corner, aquarium_view_2c,
          minmay_tromino_i2
D:3:      kennysheep_the_goblin_king, layout_basic,
          nicolae_overflow_ecumenical_swirl, grunt_decor_fettered, hex_medium,
          uniq_terence, uniq_jessica

Skill      XL: |  1  2  3  4 |
---------------+-------------+-----
Maces & Flails | 3 |  3.4
Armour         | 4 |  4.1
Fighting       | |  3.9
Shields        | |  3.7

Action                   |  1- 3 |  4- 6 || total
-------------------------+-------+-------++-------
Melee: Flail             |    76 |    88 ||   164
  Use: Potion            |     1 |     5 ||     6
Armor: Scale mail        |    59 |    71 ||   130
       Skin              |       |    32 ||    32
Dodge: Dodged            |    37 |    67 ||   104
Block: Buckler           |    24 |    34 ||    58
